 Dungeon Crawl Stone Soup version 0.27-a0-1144-g0b7d3b79db (webtiles) character file.

Game seed: 8512059091193868062

97 jien the Shield-Bearer (level 4, -3/29 HPs)
             Began as a Gargoyle Fighter on May 10, 2021.
             Slain by Sigmund
             ... wielding a +0 scythe
              (6 damage)
             ... on level 3 of the Dungeon.
             The game lasted 00:02:02 (1382 turns).

jien the Shield-Bearer (Gargoyle Fighter)           Turns: 1382, Time: 00:02:03

Health: -3/29      AC: 10    Str: 20    XL:     4   Next: 68%
Magic:  4/4        EV:  7    Int:  9    God:
Gold:   106        SH:  9    Dex:  9    Spells: 3/3 levels left

rFire    . . .     SeeInvis .   a - +0 war axe
rCold    . . .     Faith    .   c - +0 kite shield
rNeg     + . .     Spirit   .   b - +0 scale mail
rPois    ∞         Reflect  .   (no helmet)
rElec    +         Harm     .   (no cloak)
rCorr    .         Rampage  .   (no gloves)
Will     .....                  (no boots)
Stlth    ..........             (no amulet)
HPRegen  0.09/turn              (no ring)
MPRegen  0.09/turn              (no ring)

@: no status effects
A: sickness immunity, AC +3, negative energy resistance 1, electricity
resistance, torment resistance 1, petrification resistance
a: no special abilities


You were on level 3 of the Dungeon.
You visited 1 branch of the dungeon, and saw 3 of its levels.

You collected 106 gold pieces.

Inventory:

Hand Weapons
 a - a +0 war axe (weapon)
Armour
 b - a +0 scale mail (worn)
 c - a +0 kite shield (worn)
Scrolls
 g - a scroll of holy word
 h - a scroll of brand weapon {unknown}
 i - a scroll of summoning {unknown}
 k - 2 scrolls of fog {unknown}
Potions
 d - a potion of might
 e - a potion of heal wounds
 f - a potion of cancellation {unknown}
 j - 2 potions of lignification {unknown}
 l - a potion of magic {unknown}


   Skills:
 + Level 3.9 Fighting
 * Level 3.0 Axes
 + Level 3.9 Armour
 + Level 3.9 Shields


You had 3 spell levels left.
You didn't know any spells.
Your spell library was empty.

Dungeon Overview and Level Annotations

Branches:
Dungeon (2/15)

Altars:

Annotations:
D:3 Sigmund


Innate Abilities, Weirdness & Mutations

You are immune to sickness and miasma.
Your stone body is resilient. (AC +3)
You are immune to poison.
You resist negative energy. (rN+)
You are resistant to electric shocks. (rElec)
You are resistant to unholy torment.
You are immune to petrification.


Message History

Sigmund is moderately wounded.
Sigmund hits you with a +0 scythe.
You slash Sigmund!
Sigmund is heavily wounded.
Sigmund barely misses you. Sigmund hits you but does no damage.
You hit Sigmund.
Sigmund is almost dead.
Sigmund casts a spell at you. The magic dart hits you.
You are too injured to fight recklessly!
You are too injured to fight recklessly!
You are too injured to fight recklessly!
You are too injured to fight recklessly!
You are too injured to fight recklessly!
You are too injured to fight recklessly!
You are too injured to fight recklessly!
You are too injured to fight recklessly!
You are too injured to fight recklessly!
You hit Sigmund but do no damage.
Sigmund is almost dead.
You block Sigmund's attack. Sigmund barely misses you.
You barely miss Sigmund.
Sigmund is almost dead.
Sigmund hits you with a +0 scythe.
* * * LOW HITPOINT WARNING * * *
You hit Sigmund but do no damage.
Sigmund is almost dead.
Sigmund points at you and mumbles some strange words.
The puff of flame hits you.
* * * LOW HITPOINT WARNING * * *
Sigmund hits you with a +0 scythe.
* * * LOW HITPOINT WARNING * * *
You closely miss Sigmund.
Sigmund is almost dead.
Sigmund points at you and mumbles some strange words.
You resist with some effort. You block Sigmund's attack.
You closely miss Sigmund.
Sigmund is almost dead.
Sigmund hits you with a +0 scythe.
You die...

#####! ###
........
###.....>.
........#
#....#.##
###....#..##
......@....#
#@...# #..[.# .
#....# #..
...#....####.####
.................
....#.....###.####
....#.....# #.#
... #.....###.#
### #......##.#


You could see Sigmund.

Vanquished Creatures
  Terence (D:2)
  An adder (D:2)
  2 dart slugs
  7 ball pythons
  5 bats
  2 endoplasms
  A giant cockroach (D:3)
  6 hobgoblins
  6 jackals
  2 quokkas (D:1)
  2 frilled lizards (D:2)
  7 goblins
  6 kobolds
  3 rats
51 creatures vanquished.

Notes
Turn   | Place    | Note
-------+----------+-------------------------------------------
     0 | D:1      | jien the Gargoyle Fighter began the quest for the Orb.
     0 | D:1      | Reached XP level 1. HP: 14/14 MP: 1/1
    86 | D:1      | Reached XP level 2. HP: 14/19 MP: 2/2
   371 | D:1      | Reached XP level 3. HP: 19/23 MP: 3/3
   981 | D:2      | Noticed Terence
   989 | D:2      | Killed Terence
   990 | D:2      | Reached XP level 4. HP: 28/29 MP: 4/4
  1343 | D:2      | You fall into a shaft and drop 1 floor!
  1364 | D:3      | Noticed Sigmund
  1382 | D:3      | Slain by Sigmund

Illustrated notes

Levels and vault maps discovered:
D:1:      scummos_arrival_simple_fountains, layout_rooms, minmay_pentomino_s4
D:2:      layout_loops_ring, chequers_serial_rivers_room_b, uniq_terence
D:3:      layout_basic, hellmonk_ecumenical_altar_inner_sanctum, uniq_sigmund

Skill      XL: |  1  2  3  4 |
---------------+-------------+-----
Axes           | 2 3 |  3.0
Fighting       | |  3.9
Armour         | |  3.9
Shields        | |  3.9

Action                   |  1- 3 |  4- 6 || total
-------------------------+-------+-------++-------
Melee: War axe           |   106 |    43 ||   149
  Use: Scroll            |     3 |       ||     3
Armor: Scale mail        |    68 |    20 ||    88
Dodge: Dodged            |    40 |    10 ||    50
Block: Kite shield       |    83 |    16 ||    99

Table legend: (Time is in decaauts)
 A = Elapsed time spent in this place.
 B = Non-inter-level travel time spent in this place.
 C = Inter-level travel time spent in this place.
 D = Time resting spent in this place.
 E = Time spent auto-exploring this place.
 F = Levels seen in this place.
 G = Mean time per level.
                   A        B        C        D        E       F      G
               +--------+--------+--------+--------+--------+-----+--------+
         Total |   1469 |   1433 |     36 |      0 |   1074 |   3 |  489.7 |
       Dungeon |   1469 |   1433 |     36 |      0 |   1074 |   3 |  489.7 |
               +--------+--------+--------+--------+--------+-----+--------+

Top non-repeatable levels by time:
     D:1: 816 daAuts
     D:2: 603 daAuts
     D:3: 48 daAuts
